Map: Dusk Towers

Players

puCK (Nina) - Winner!

  • Race: Protoss Protoss
  • League: Grandmaster

MCanning

  • Race: Protoss Protoss
  • League: Grandmaster

VOD

http://www.twitch.tv/mcanning/v/30690643

Description

Time

  • Played on: Dec. 19, 2015, 4:57 a.m.
  • Length: 6:36
Show
View Real Time Build Order
Export as new Build Order

puCK Protoss - Winner!

Build Orders: Nexus First, Blink Stalkers 

Get SALT Encoding   

  12  0:01  Probe (Chrono Boost)  
  13  0:11  Probe (Chrono Boost)  
  14  0:17  Pylon  
  14  0:22  Probe (Chrono Boost)  
  15  0:36  Probe (Chrono Boost)  
  16  0:46  Probe (Chrono Boost)  
  17  0:57  Nexus  
  17  1:07  Gateway  
  17  1:10  Probe (Chrono Boost)  
  18  1:16  Assimilator  
  18  1:21  Probe (Chrono Boost)  
  18  1:25  Assimilator  
  19  1:31  Probe (Chrono Boost)  
  20  1:34  Pylon  
  20  1:42  Gateway  
  20  1:46  Probe (Chrono Boost)  
  21  1:57  Cybernetics Core  
  21  1:58  Probe (Chrono Boost)  
  22  2:09  Probe (Chrono Boost)  
  22  2:10  Probe (Chrono Boost)  
  24  2:19  Probe (Chrono Boost)  
  24  2:20  Probe (Chrono Boost)  
  26  2:30  Probe (Chrono Boost)  
  26  2:32  Probe (Chrono Boost)  
  26  2:34  Stalker x2  
  26  2:35  Warp Gate  
  32  2:41  Probe (Chrono Boost)  
  33  2:45  Mothership Core (Chrono Boost)  
  35  2:51  Pylon  
  35  2:53  Probe (Chrono Boost)  
  36  3:03  Probe x2 (Chrono Boost)  
  38  3:06  Stalker  
  40  3:13  Twilight Council  
  40  3:14  Probe x2 (Chrono Boost)  
  42  3:24  Probe (Chrono Boost)  
  42  3:25  Probe (Chrono Boost)  
  43  3:35  Probe x2 (Chrono Boost)  
  45  3:45  Probe (Chrono Boost)  
  45  3:46  Probe (Chrono Boost)  
  45  3:47  Nexus  
  47  3:55  Probe (Chrono Boost)  
  47  3:56  Probe (Chrono Boost), Pylon  
  47  3:58  Blink (Chrono Boost)  
  49  4:03  Robotics Facility  
  49  4:05  Probe  
  49  4:08  Probe  
  51  4:15  Probe  
  51  4:20  Probe  
  53  4:25  Assimilator x2  
  53  4:27  Probe  
  53  4:28  Gateway x2  
  54  4:35  Gateway  
  54  4:36  Probe  
  54  4:38  Gateway  
  55  4:40  Pylon  
  55  4:51  Probe  
  56  4:55  Probe  
  56  4:56  Warp Prism (Chrono Boost)  
  56  4:58  Probe  
  59  5:04  Gateway  
  59  5:05  Gateway  
  60  5:08  Gateway  
  60  5:10  Gateway  
  60  5:15  Gateway  
  60  5:16  Probe  
  60  5:19  Probe  
  62  5:22  Stalker x2, Probe  
  62  5:25  Stalker  
  71  5:28  Probe, Observer (Chrono Boost)  
  71  5:29  Probe  
  71  5:32  Stalker  
  74  5:36  Probe  
  75  5:42  Pylon  
  75  5:43  Pylon  
  75  5:45  Stalker x3  
  75  5:46  Stalker  
  75  5:49  Pylon  
  83  5:50  Probe  
  83  5:52  Probe  
  85  5:58  Pylon  
  85  5:59  Probe  
  85  6:01  Observer (Chrono Boost)  
  85  6:02  Probe  
  85  6:03  Probe  
  88  6:09  Stalker x2  
  88  6:10  Stalker x2  
  97  6:12  Sentry x2  
  101  6:19  Probe  
  101  6:21  Pylon  
  102  6:33  Stalker x4  
Show
View Real Time Build Order
Export as new Build Order

MCanning Protoss 

Build Orders: Nexus First 

Get SALT Encoding   

  12  0:01  Probe (Chrono Boost)  
  13  0:11  Probe (Chrono Boost)  
  14  0:18  Pylon  
  14  0:22  Probe (Chrono Boost)  
  15  0:36  Probe (Chrono Boost)  
  16  0:47  Probe (Chrono Boost)  
  17  0:57  Nexus  
  17  1:08  Gateway  
  17  1:11  Probe (Chrono Boost)  
  18  1:21  Probe (Chrono Boost), Assimilator  
  19  1:26  Assimilator  
  19  1:32  Probe (Chrono Boost)  
  20  1:40  Gateway  
  20  1:42  Probe (Chrono Boost)  
  21  1:53  Probe (Chrono Boost)  
  22  1:59  Cybernetics Core  
  22  2:03  Probe (Chrono Boost)  
  23  2:11  Probe (Chrono Boost)  
  23  2:14  Probe (Chrono Boost)  
  25  2:22  Probe (Chrono Boost)  
  26  2:25  Probe (Chrono Boost)  
  27  2:32  Probe (Chrono Boost)  
  27  2:36  Mothership Core (Chrono Boost)  
  27  2:37  Adept (Chrono Boost)  
  32  2:39  Adept (Chrono Boost)  
  32  2:42  Warp Gate (Chrono Boost)  
  32  2:43  Probe (Chrono Boost)  
  35  2:55  Probe (Chrono Boost)  
  35  2:56  Probe (Chrono Boost)  
  37  3:01  Pylon  
  38  3:05  Probe (Chrono Boost)  
  38  3:19  Sentry, Probe x2 (Chrono Boost)  
  42  3:20  Twilight Council  
  42  3:21  Pylon  
  42  3:30  Probe x2 (Chrono Boost)  
  42  3:34  Sentry  
  46  3:40  Probe x2 (Chrono Boost), Pylon  
  48  3:43  Assimilator  
  48  3:47  Assimilator  
  48  3:51  Probe (Chrono Boost)  
  48  3:53  Probe (Chrono Boost)  
  50  4:01  Stalker  
  52  4:06  Nexus  
  52  4:13  Blink (Chrono Boost)  
  52  4:14  Probe, Pylon  
  52  4:15  Pylon  
  53  4:17  Probe  
  50  4:27  Gateway  
  50  4:30  Probe  
  50  4:31  Probe  
  51  4:37  Robotics Facility  
  52  4:43  Probe  
  53  4:51  Stalker x2  
  57  4:52  Probe  
  57  4:55  Probe  
  59  5:01  Forge  
  59  5:03  Probe  
  59  5:04  Pylon  
  60  5:07  Probe  
  60  5:13  Probe  
  61  5:20  Stalker, Probe  
  61  5:21  Stalker  
  67  5:24  Observer (Chrono Boost)  
  68  5:28  Probe x2  
  68  5:29  Robotics Bay  
  68  5:30  Forge  
  68  5:32  Probe  
  68  5:35  Stalker  
  73  5:39  Probe  
  74  5:45  Gateway, Probe  
  75  5:56  Gateway x2  
  75  5:57  Stalker  
  77  5:59  Gateway  
  77  6:01  Stalker  
  79  6:12  Pylon  
  79  6:16  Pylon  
  83  6:21  Stalker x2  
  87  6:26  Stalker  
Tags
 
Add a new tag
Caveats
  • Supply blocks, unpowered buildings, or Contaminate may cause inaccurate times.
  • Supply counts are checked every 10 seconds.